 Dungeon Crawl Stone Soup version 0.30.0-15-g856e2d3f33 (webtiles) character file.

Game seed: 2939073998025659454

6554 qw the Cleaver (level 11, -8/69 HPs)
             Began as a Gargoyle Fighter on May 19, 2023.
             Was a Believer of Okawaru.
             Mangled by Snorg (15 damage)
             ... on level 10 of the Dungeon.
             The game lasted 00:04:56 (9151 turns).

qw the Cleaver (Gargoyle Fighter)                   Turns: 9151, Time: 00:04:57

Health: -8/69      AC: 32    Str: 25    XL:     11   Next: 1%
Magic:  12/12      EV:  8    Int:  8    God:    Okawaru [**....]
Gold:   313        SH: 18    Dex:  9    Spells: 10/10 levels left

rFire   + . .        Y - +1 war axe (protect)
rCold   . . .        a - +1 kite shield {reflect}
rNeg    + . .        i - +1 plate armour {rF+}
rPois   inf          h - +0 helmet
rElec   +            (no cloak)
rCorr   .            (no gloves)
SInv    +            (no boots)
Will    +....        b - amulet of reflection Stlth
                     p - ring of willpower
HPRegen 0.31/turn    j - ring of see invisible
MPRegen 0.13/turn

%: reflection
@: heroic, under a protective aura
A: sickness immunity, AC +8, negative energy resistance 1, electricity
resistance, torment resistance 1, petrification resistance, claws 1, low MP 1,
subdued magic 1
a: Renounce Religion, Heroism


You were on level 10 of the Dungeon.
You worshipped Okawaru.
Okawaru was pleased with you.
You visited 2 branches of the dungeon, and saw 11 of its levels.

You collected 483 gold pieces.
You spent 170 gold pieces at shops.


Innate Abilities, Weirdness & Mutations

You are immune to sickness and miasma.
Your stone body is resilient. (AC +8)
You are immune to poison.
You resist negative energy. (rN+)
You are resistant to electric shocks. (rElec)
You are resistant to unholy torment.
You are immune to petrification.
You have sharp fingernails.
Your magical capacity is low. (-10% MP)
Your spells are a little easier to cast, but a little less powerful.


   Skills:
 - Level 8.5(13.5) Fighting
 + Level 10.1(15.1) Axes
 - Level 1.0(6.0) Throwing
 - Level 6.2(11.2) Armour
 - Level 1.2(6.2) Dodging
 - Level 9.0(14.0) Shields
 - Level 4.0 Invocations


You had 10 spell levels left.
You didn't know any spells.
Your spell library was empty.

Inventory:

Hand Weapons
 m - a +0 morningstar
 Y - a +1 war axe of protection (weapon)
Armour
 a - a +1 kite shield of reflection (worn)
 h - a +0 helmet (worn)
 i - a +1 plate armour of fire resistance (worn)
Jewellery
 b - an amulet of reflection (around neck)
 j - a ring of see invisible (right claw)
 p - a ring of willpower (left claw)
Scrolls
 e - a scroll of teleportation
 o - 2 scrolls of identify
Potions
 d - 2 potions of might
 f - 4 potions of curing
 g - a potion of attraction
 k - a potion of resistance
 n - 2 potions of mutation
 q - a potion of haste
 r - a potion of lignification
 v - a potion of berserk rage {unknown}

Dungeon Overview and Level Annotations

Branches:
Dungeon (10/15)            Temple (1/1) D:4
   Lair: D:8-11         Orc: D:9-12

Altars:
Ashenzari
Dithmenos
Elyvilon
Fedhas
Gozag
Hepliaklqana
Makhleb
Nemelex Xobeh
Okawaru
Qazlal
Ru
Sif Muna
Trog
Uskayaw
Vehumet
Wu Jian
Xom
Yredelemnul
Zin
The Shining One

Shops:
D:4 (   D:9 !

Annotations:
D:3 1 runed translucent door, Crazy Yiuf
D:10 Snorg


Message History

Your weapon exudes an aura of protection.
Snorg is lightly wounded.
You block Snorg's attack. Snorg claws you. Snorg claws you but does no damage.
You slice Snorg!!
Snorg is lightly wounded.
You block Snorg's attack. Snorg claws you! Snorg barely misses you.
You block Snorg's attack. x2; Snorg closely misses you.
You barely miss Snorg.
Snorg is lightly wounded.
You block Snorg's attack. x2; Snorg claws you but does no damage.
You hit Snorg.
Snorg is lightly wounded.
Snorg barely misses you. You block Snorg's attack. x2
You slash Snorg!
Snorg is lightly wounded.
You block Snorg's attack. x3
You slice Snorg!!
Snorg is moderately wounded.
You block Snorg's attack. x3
You closely miss Snorg.
Snorg is moderately wounded.
You block Snorg's attack. Snorg claws you but does no damage.
Snorg completely misses you. Snorg bites you but does no damage.
Snorg claws you but does no damage. Snorg barely misses you.
You slice Snorg!!
Snorg is heavily wounded.
Snorg barely misses you. You block Snorg's attack. x2
You hit Snorg.
Snorg is heavily wounded.
Snorg bites you. Snorg claws you but does no damage. You block Snorg's attack.
You barely miss Snorg.
Snorg is heavily wounded.
You block Snorg's attack. x3
You slice Snorg!!
Snorg is heavily wounded.
You block Snorg's attack. Snorg claws you but does no damage. Snorg claws you!
You closely miss Snorg.
Snorg is heavily wounded.
Snorg bites you!!
You block Snorg's attack. x2; Snorg bites you!
You die...

####### #.....####
#'###....# #######
....####.## #####.......
).....##..###...@T......
....}..#..'...###.......
.8.....#..##### .......
###._.##..# =......
#####+### .......
#####+#


You could see Snorg (berserk).

Vanquished Creatures
  A two-headed ogre (D:10)
  A troll (D:9)
  2 shadows
  12 yaks
  2 steam dragons
  Duvessa (D:6)
  A water moccasin (D:5)
  An ice beast (D:7)
  2 orc warriors
  An ogre (D:5)
  5 kobold brigands
  3 bullfrogs
  A gnoll sergeant (D:8)
  2 scorpions
  5 wights (D:7)
  Dowan (D:6)
  15 killer bees
  A howler monkey (D:6)
  A gnoll bouda (D:7)
  7 orc priests
  3 hounds
  A jelly (D:7)
  9 orc wizards
  2 sleepcaps
  Terence (D:3)
  6 iguanas
  Ijyb (D:4)
  Robin (D:3)
  8 gnolls
  5 adders
  3 shadow imps
  6 white imps
  A worm (D:5)
  2 dart slugs
  36 orcs
  6 endoplasms
  A giant cockroach (D:3)
  22 goblins
  7 hobgoblins
  12 jackals
  2 quokkas
  8 ball pythons
  4 bats
  A frilled lizard (D:3)
  23 kobolds
  3 rats
239 creatures vanquished.

Notes
Turn   | Place    | Note
-------+----------+-------------------------------------------
     0 | D:1      | qw the Gargoyle Fighter began the quest for the Orb.
     0 | D:1      | Reached XP level 1. HP: 14/14 MP: 1/1
     0 | D:1      | 0 ||| qw: Version: 0.2-a-96-g8eb1148
     0 | D:1      | 0 ||| qw: Game counter: 28
     0 | D:1      | 0 ||| qw: Always use a shield: true
     0 | D:1      | 0 ||| qw: God list: Okawaru
     0 | D:1      | 0 ||| qw: Allow faded altars: false
     0 | D:1      | 0 ||| qw: Do Orc after D:15 true
     0 | D:1      | 0 ||| qw: Do second Lair branch before Depths: true
     0 | D:1      | 0 ||| qw: Lair rune preference: random
     0 | D:1      | 0 ||| qw: Plans: Normal, Zot:1-4, God:TSO, Crypt, Tomb,
                  | Pan, Slime:5, Hells, Abyss, Win
     0 | D:1      | 0 ||| PLANNING D:1-11
    44 | D:1      | Reached skill level 2 in Axes
    52 | D:1      | Reached XP level 2. HP: 18/19 MP: 2/2
   234 | D:1      | Found a faded altar of an unknown god.
   353 | D:1      | Reached skill level 3 in Axes
   409 | D:1      | Reached XP level 3. HP: 23/23 MP: 3/3
   743 | D:1      | 743 ||| UPGRADING to +1 plate armour of fire resistance.
   753 | D:1      | 753 ||| DROPPING +0 scale mail.
   754 | D:1      | 754 ||| READING scroll labelled ITHRICU RENELLY.
   754 | D:1      | Identified a scroll of acquirement
   754 | D:1      | 754 ||| ACQUIRING +1 kite shield of reflection
   754 | D:1      | Acquired a +1 kite shield of reflection
   756 | D:1      | 756 ||| UPGRADING to +1 kite shield of reflection.
   766 | D:1      | 766 ||| DROPPING +0 buckler.
   767 | D:1      | 767 ||| READING scroll labelled QUUXOI ZOTYO.
   768 | D:1      | 768 ||| DRINKING 2 emerald potions.
   927 | D:2      | 927 ||| Stepping ~*~*~tactically~*~*~ (hiding).
  1044 | D:2      | 1044 ||| Stepping ~*~*~tactically~*~*~ (hiding).
  1045 | D:2      | 1045 ||| Stepping ~*~*~tactically~*~*~ (hiding).
  1060 | D:2      | 1060 ||| DROPPING +0 club.
  1152 | D:2      | Reached XP level 4. HP: 24/28 MP: 4/4
  1473 | D:2      | 1473 ||| UPGRADING to +0 helmet.
  1478 | D:2      | 1478 ||| UPGRADING to amulet of reflection.
  1483 | D:2      | 1483 ||| READING scroll labelled VUEFIP FUCK.
  1484 | D:2      | 1484 ||| DRINKING 2 fizzy clear potions.
  1485 | D:2      | 1485 ||| DRINKING 2 fuming pink potions.
  1486 | D:2      | 1486 ||| DROPPING potion of brilliance.
  1623 | D:3      | Noticed Terence
  1633 | D:3      | Killed Terence
  1637 | D:3      | 1637 ||| DROPPING +3 whip.
  1643 | D:3      | 1643 ||| Stepping ~*~*~tactically~*~*~ (stealth).
  1645 | D:3      | 1645 ||| Stepping ~*~*~tactically~*~*~ (stealth).
  1649 | D:3      | 1649 ||| Stepping ~*~*~tactically~*~*~ (stealth).
  1844 | D:3      | Reached skill level 4 in Axes
  1850 | D:3      | Reached XP level 5. HP: 27/32 MP: 5/5
  2054 | D:3      | Noticed Robin
  2072 | D:3      | Killed Robin
  2294 | D:3      | Found a runed translucent door.
  2295 | D:3      | Noticed Crazy Yiuf
  2549 | D:3      | 2549 ||| READING scroll labelled GUSHRAN EFESEPSEU.
  2550 | D:3      | 2550 ||| DRINKING 2 clear potions.
  2551 | D:3      | 2551 ||| DROPPING potion of degeneration.
  2612 | D:3      | 2612 ||| DRINKING 2 potions of curing.
  2612 | D:3      | 2612 ||| (to cure confusion)
  2769 | D:4      | Identified the +0 buckler "Eshedd" {Harm rF+}
  2770 | D:4      | Found a staircase to the Ecumenical Temple.
  2771 | D:4      | 2771 ||| PLANNING TEMPLE
  2771 | D:4      | 2771 ||| UPGRADING to ring of willpower.
  2772 | D:4      | 2772 ||| READING scroll labelled YZYSHE XEAG.
  2781 | Temple   | Entered the Ecumenical Temple
  2788 | Temple   | 2788 ||| PLANNING OKAWARU WORSHIP
  2954 | Temple   | Became a worshipper of Warmaster Okawaru
  2954 | Temple   | 2954 ||| PLANNING D:1-11
  2981 | D:4      | Noticed Ijyb
  2982 | D:4      | 2982 ||| Stepping ~*~*~tactically~*~*~ (hiding).
  2983 | D:4      | 2983 ||| Stepping ~*~*~tactically~*~*~ (hiding).
  2997 | D:4      | Killed Ijyb
  2998 | D:4      | Reached skill level 1 in Throwing
  2998 | D:4      | Reached XP level 6. HP: 35/37 MP: 6/6
  3014 | D:4      | 3014 ||| Stepping ~*~*~tactically~*~*~ (hiding).
  3263 | D:4      | Found Gizxicoi's Weapon Shop.
  3273 | D:4      | 3273 ||| BUYING +0 flail of protection (86 gold).
  3273 | D:4      | Bought a +0 flail of protection for 86 gold pieces
  3273 | D:4      | 3273 ||| SHOPLISTING +2 morningstar of draining (268 gold,
                  | have 37).
  3273 | D:4      | 3273 ||| DROPPING +0 flail.
  3448 | D:4      | 3448 ||| READING scroll labelled HUMILI GOAXAVA.
  3549 | D:4      | 3549 ||| READING scroll labelled BUKKOM PYNOA.
  3550 | D:4      | 3550 ||| READING scroll labelled WIDASO CERRO.
  3551 | D:4      | 3551 ||| READING scroll labelled FOABLOAMYF.
  3588 | D:5      | Entered Level 5 of the Dungeon
  3596 | D:5      | HP: 9/37 [ogre/+0 giant club (28)]
  3597 | D:5      | 3597 ||| DRINKING 2 potions of heal wounds.
  3605 | D:5      | Reached skill level 5 in Axes
  3664 | D:5      | Noticed a water moccasin
  3679 | D:5      | Killed a water moccasin
  3680 | D:5      | Reached XP level 7. HP: 36/44 MP: 7/7
  3901 | D:5      | 3901 ||| Stepping ~*~*~tactically~*~*~ (stealth).
  3903 | D:5      | 3903 ||| Stepping ~*~*~tactically~*~*~ (stealth).
  4394 | D:5      | 4394 ||| DROPPING +0 flail of protection.
  4663 | D:5      | 4663 ||| READING 2 scrolls labelled DEMUMO KIUCS.
  4666 | D:5      | 4666 ||| READING scroll labelled TOREKE SIALAACH.
  4667 | D:5      | 4667 ||| READING 3 scrolls of identify.
  4667 | D:5      | 4667 ||| IDENTIFYING fuming golden potion
  4668 | D:5      | 4668 ||| READING 2 scrolls of identify.
  4668 | D:5      | 4668 ||| IDENTIFYING bubbling brown potion
  4669 | D:5      | 4669 ||| DROPPING potion of ambrosia.
  4702 | D:6      | Reached skill level 6 in Axes
  4710 | D:6      | 4710 ||| STAIRDANCE
  4712 | D:5      | Reached * piety under Okawaru
  4766 | D:6      | Noticed Duvessa
  4767 | D:6      | 4767 ||| INVOKING Heroism.
  4800 | D:6      | HP: 11/44 [Duvessa/+0 short sword (7)]
  4801 | D:6      | 4801 ||| READING scroll of teleportation.
  4802 | D:6      | 4802 ||| DRINKING potion of heal wounds.
  4804 | D:6      | Killed Duvessa
  4805 | D:6      | Reached skill level 6 in Shields
  4805 | D:6      | Reached XP level 8. HP: 48/48 MP: 8/8
  4822 | D:6      | Reached skill level 1 in Invocations
  4908 | D:6      | You fall into a shaft and drop 3 floors!
  4909 | D:9      | Found Hauczecs's Distillery.
  4918 | D:9      | 4918 ||| BUYING potion of curing (42 gold).
  4918 | D:9      | Bought a potion of curing for 42 gold pieces
  4918 | D:9      | 4918 ||| BUYING potion of curing (42 gold).
  4918 | D:9      | Bought a potion of curing for 42 gold pieces
  4918 | D:9      | 4918 ||| SHOPLISTING potion of haste (140 gold, have 5).
  4918 | D:9      | 4918 ||| SHOPLISTING potion of heal wounds (70 gold, have
                  | 5).
  4918 | D:9      | 4918 ||| SHOPLISTING potion of mutation (112 gold, have 5).
  4924 | D:9      | 4924 ||| READING 2 scrolls labelled UKHEPR JOZAM.
  4925 | D:9      | 4925 ||| READING 2 scrolls of identify.
  4925 | D:9      | 4925 ||| IDENTIFYING black potion
  4926 | D:9      | 4926 ||| DROPPING scroll of noise.
  4927 | D:9      | 4927 ||| DROPPING potion of flight.
  4946 | D:8      | 4946 ||| INVOKING Heroism.
  4960 | D:8      | 4960 ||| INVOKING Heroism.
  5048 | D:7      | Reached skill level 3 in Invocations
  5115 | D:7      | Reached skill level 7 in Axes
  5230 | D:7      | Reached skill level 1 in Dodging
  5370 | D:7      | 5370 ||| Stepping ~*~*~tactically~*~*~ (hiding).
  5374 | D:7      | Found a flagged portal.
  5393 | D:7      | Reached ** piety under Okawaru
  5394 | D:7      | Reached XP level 9. HP: 52/54 MP: 12/12
  5417 | D:7      | 5417 ||| INVOKING Heroism.
  5656 | D:6      | 5656 ||| Stepping ~*~*~tactically~*~*~ (hiding).
  5781 | D:6      | Noticed Dowan
  5782 | D:6      | 5782 ||| INVOKING Heroism.
  5796 | D:6      | 5796 ||| INVOKING Heroism.
  5797 | D:6      | Killed Dowan
  5798 | D:6      | Reached skill level 8 in Axes
  5913 | D:6      | Found an ornate altar of the Wu Jian Council.
  6421 | D:7      | 6421 ||| INVOKING Heroism.
  6441 | D:7      | 6441 ||| INVOKING Heroism.
  6488 | D:7      | 6488 ||| Stepping ~*~*~tactically~*~*~ (stealth).
  6493 | D:7      | 6493 ||| Stepping ~*~*~tactically~*~*~ (stealth).
  6494 | D:7      | 6494 ||| INVOKING Heroism.
  6495 | D:7      | 6495 ||| Stepping ~*~*~tactically~*~*~ (hiding).
  6504 | D:7      | Reached skill level 6 in Fighting
  6641 | D:7      | 6641 ||| READING scroll labelled CUJOETR OVEYK.
  6642 | D:7      | 6642 ||| DRINKING 2 glowing blue potions.
  6714 | D:8      | 6714 ||| Stepping ~*~*~tactically~*~*~ (hiding).
  6720 | D:8      | 6720 ||| INVOKING Heroism.
  6840 | D:8      | 6840 ||| Stepping ~*~*~tactically~*~*~ (stealth).
  6848 | D:8      | 6848 ||| Stepping ~*~*~tactically~*~*~ (hiding).
  6849 | D:8      | 6849 ||| Stepping ~*~*~tactically~*~*~ (stealth).
  6854 | D:8      | 6854 ||| INVOKING Heroism.
  6928 | D:8      | 6928 ||| INVOKING Heroism.
  7050 | D:8      | 7050 ||| Stepping ~*~*~tactically~*~*~ (hiding).
  7057 | D:8      | 7057 ||| INVOKING Heroism.
  7059 | D:8      | 7059 ||| Stepping ~*~*~tactically~*~*~ (hiding).
  7179 | D:8      | 7179 ||| Stepping ~*~*~tactically~*~*~ (stealth).
  7192 | D:8      | 7192 ||| INVOKING Heroism.
  7204 | D:8      | Reached skill level 9 in Axes
  7204 | D:8      | Reached XP level 10. HP: 37/60 MP: 11/13
  7217 | D:8      | 7217 ||| INVOKING Heroism.
  7646 | D:8      | 7646 ||| READING scroll labelled IGUASHRE MOGAIN.
  7647 | D:8      | 7647 ||| DRINKING 3 fizzy silvery potions.
  7647 | D:8      | Gained mutation: You sometimes lose your temper in combat.
                  | [potion of mutation]
  7647 | D:8      | Gained mutation: You are vulnerable to cold. (rC-) [potion
                  | of mutation]
  7648 | D:8      | 7648 ||| DRINKING 2 potions of mutation.
  7648 | D:8      | Lost mutation: You sometimes lose your temper in combat.
                  | [potion of mutation]
  7648 | D:8      | Lost mutation: You are vulnerable to cold. (rC-) [potion of
                  | mutation]
  7648 | D:8      | Gained mutation: Your spells are a little easier to cast,
                  | but a little less powerful. [potion of mutation]
  7648 | D:8      | Gained mutation: Your magical capacity is low. (-10% MP)
                  | [potion of mutation]
  7648 | D:8      | Gained mutation: You have sharp fingernails. [potion of
                  | mutation]
  7649 | D:8      | 7649 ||| DRINKING 2 amethyst potions.
  7650 | D:8      | 7650 ||| READING 2 scrolls of identify.
  7650 | D:8      | 7650 ||| IDENTIFYING silvery potion
  7651 | D:8      | 7651 ||| DROPPING potion of invisibility.
  7687 | D:9      | 7687 ||| STAIRDANCE
  7692 | D:8      | 7692 ||| INVOKING Heroism.
  7770 | D:9      | 7770 ||| Stepping ~*~*~tactically~*~*~ (hiding).
  7775 | D:9      | 7775 ||| Stepping ~*~*~tactically~*~*~ (stealth).
  7776 | D:9      | 7776 ||| Stepping ~*~*~tactically~*~*~ (stealth).
  7796 | D:9      | Reached skill level 9 in Shields
  7858 | D:9      | 7858 ||| INVOKING Heroism.
  8065 | D:9      | Found a radiant altar of Vehumet.
  8104 | D:9      | 8104 ||| INVOKING Heroism.
  8156 | D:9      | Reached skill level 6 in Armour
  8558 | D:9      | 8558 ||| UPGRADING to ring of see invisible.
  8559 | D:9      | 8559 ||| DRINKING 2 golden potions.
  8608 | D:9      | 8608 ||| READING 2 scrolls of identify.
  8608 | D:9      | 8608 ||| IDENTIFYING ruby potion
  8658 | D:10     | Entered Level 10 of the Dungeon
  8772 | D:10     | 8772 ||| INVOKING Heroism.
  8775 | D:10     | Reached skill level 10 in Axes
  8881 | D:10     | Noticed a two-headed ogre
  8882 | D:10     | 8882 ||| INVOKING Heroism.
  8891 | D:10     | Killed a two-headed ogre
  8891 | D:10     | Reached *** piety under Okawaru
  8949 | D:10     | 8949 ||| Stepping ~*~*~tactically~*~*~ (hiding).
  8951 | D:10     | 8951 ||| Stepping ~*~*~tactically~*~*~ (hiding).
  8956 | D:10     | Reached XP level 11. HP: 69/69 MP: 12/12
  8960 | D:10     | 8960 ||| INVOKING Heroism.
  8977 | D:10     | 8977 ||| DRINKING potion of cancellation.
  8978 | D:10     | 8978 ||| INVOKING Heroism.
  8983 | D:10     | HP: 12/69 [smoke demon/divine providence[a kobold
                  | demonologist] (14)]
  8984 | D:10     | 8984 ||| READING 2 scrolls of teleportation.
  8985 | D:10     | 8985 ||| DRINKING potion of heal wounds.
  8989 | D:10     | Found a burning altar of Makhleb.
  9104 | D:10     | Found a bloodstained altar of Trog.
  9130 | D:10     | Noticed Snorg
  9131 | D:10     | 9131 ||| INVOKING Heroism.
  9151 | D:10     | HP: 7/69 [Snorg (23)]
  9151 | D:10     | Mangled by Snorg

Levels and vault maps discovered:
D:1:      heliophobic_arrival_ceremonial_halls, layout_loops_ring,
          shapermc_ecumenical_altar_mp_vishouse
D:2:      layout_loops_ring, minmay_crystal_water, corexii_corridor_pit,
          eino_tiny_chamber, minivault_24
D:3:      layout_basic, uniq_crazy_yiuf_cottage, uniq_robin, uniq_terence
D:4:      layout_cave_pools, minmay_temple_entry_large_hall, serial_shops,
          nicolae_diamond_shop, uniq_ijyb
D:5:      layout_basic, minmay_misc_feat_columns, hangedman_decor_opposing,
          kennysheep_cluttered_room
D:6:      layout_cave_pools, nicolae_wu_jian_immortal_techniques, uniq_duvessa
D:7:      layout_basic, enter_bailey_5
D:8:      layout_loops_ring
D:9:      layout_grid_maze, lemuel_doored_altar, serial_shops,
          nicolae_shop_tiny_statue_garden, serial_glass, glass_columns_a,
          glass_columns_a
D:10:     layout_roguey, mainiacjoe_overflow_swirl,
          gammafunk_temple_overflow_pools, uniq_snorg
Temple:   nicolae_temple_elliptical

Skill      XL: |  1  2  3  4  5  6  7  8  9 10 |
---------------+-------------------------------+-----
Axes           | 2 3 4 5 6 7 9 10 | 10.1
Shields        | 4 5 6 7 8 9 |  9.0
Throwing       | 1 |  1.0
Fighting       | 4 5 6 8 |  8.5
Invocations    | 4 |  4.0
Armour         | 4 5 6 |  6.2
Dodging        | 1 |  1.2

Action                     |  1- 3 |  4- 6 |  7- 9 | 10-12 || total
---------------------------+-------+-------+-------+-------++-------
  Melee: War axe           |   112 |   167 |   464 |   200 ||   943
  Throw: Javelin           |       |     6 |     1 |       ||     7
 Invoke: Heroism           |       |       |    14 |     9 ||    23
    Use: Scroll            |     2 |     7 |     8 |     4 ||    21
         Potion            |     1 |     5 |     2 |     6 ||    14
 Armour: Scale mail        |    41 |       |       |       ||    41
         Plate armour      |    40 |    78 |   214 |   136 ||   468
  Dodge: Dodged            |    33 |    17 |    70 |    58 ||   178
  Block: Buckler           |    13 |       |       |       ||    13
         Kite shield       |    29 |   111 |   386 |   221 ||   747
         Reflection        |     1 |     2 |    10 |     3 ||    16

Table legend:
 A = Non-vault XP
 B = Vault XP
 C = Vault XP percentage of total XP
 D = Non-vault monster count
 E = Vault monster count
 F = Vault count percentage of total count
                 A         B        C        D         E       F
            +---------+---------+-------+---------+---------+-------
      Total |    9030 |     333 |   3.6 |     217 |      21 |   8.8
            +---------+---------+-------+---------+---------+-------
        D:1 |      40 |       0 |   0.0 |      24 |       0 |   0.0
        D:2 |      61 |       0 |   0.0 |      22 |       0 |   0.0
        D:3 |     116 |      74 |  38.9 |      19 |      14 |  42.4
        D:4 |      93 |      33 |  26.2 |       5 |       1 |  16.7
        D:5 |     629 |       0 |   0.0 |      19 |       0 |   0.0
        D:6 |     586 |     218 |  27.1 |      18 |       2 |  10.0
        D:7 |    1347 |       8 |   0.6 |      35 |       4 |  10.3
        D:8 |    2834 |       0 |   0.0 |      48 |       0 |   0.0
        D:9 |     864 |       0 |   0.0 |      10 |       0 |   0.0
       D:10 |    2460 |       0 |   0.0 |      17 |       0 |   0.0
            +---------+---------+-------+---------+---------+-------
